[Event "Germany Countries-chT Youth 2022"]
[Site "Wiesbaden"]
[Date "2022.10.04"]
[Round "7"]
[White "Popist, Florian"]
[Black "Feidt, Jonas"]
[Result "1-0"]
[ECO "B13"]
[WhiteElo "2187"]
[BlackElo "1908"]
[Annotator "TA"]
[PlyCount "67"]
[EventDate "2022.09.28"]
[EventType "team-tourn"]
[EventRounds "7"]
[EventCountry "GER"]
[SourceTitle "playchess.com"]
[Source "ChessBase"]
[SourceQuality "1"]
[TimeControl "40/5400+30:1800+30"]

1. e4 c6 2. d4 d5 3. exd5 cxd5 4. Bd3 Nc6 5. c3 Qc7 6. Ne2 Bg4 7. O-O {[%emt 0:00:21] B13: Caro-Kann: Exchange Variation and Panov-Botvinnik Attack.} Nf6 8. Qe1 e6 9. Bg5 {[%emt 0:01:13] White has an edge.} Bxe2 10. Qxe2 Bd6 11. g3 h6 12. Be3 O-O 13. Nd2 e5 14. dxe5 Nxe5 {[%emt 0:01:56] [#]} 15. Nf3 $146 ({Predecessor:} 15. Bf5 Rfe8 16. Rae1 Nc4 17. Nxc4 dxc4 18. Qf3 Bc5 19. Bf4 Qb6 20. Be5 Re7 21. Re2 {1-0 (79) Shuvalova,P (2441)-Charochkina,D (2344) Khanty-Mansiysk 2018}) 15... Rfe8 16. Nxe5 Bxe5 17. Qf3 Rad8 18. Rad1 (18. Bxa7 $2 b6 19. Bb5 Re7 20. Bxb6 Qxb6 $19) 18... Qa5 19. a3 Qa4 20. Rfe1 a6 21. Rd2 Rd6 22. Rde2 {[%emt 0:04:52] Black must now prevent Bf4.} Ne4 23. Bc1 Bf6 24. Kg2 ({Don't play} 24. Bxe4 $6 Rxe4 25. Rxe4 dxe4 $11) 24... Rde6 25. c4 Ng5 (25... Nc5 $142) 26. Bxg5 Rxe2 27. Rxe2 $40 {[%emt 0:01:43][%mdl 128] White wants a kill.} Rxe2 $2 {[%emt 0:00:30] This move loses the game for Black.} (27... Bxg5 $16 28. Bc2 (28. Qxd5 Rxe2 29. Bxe2 Qc6 $16) 28... Qc6) 28. Bxf6 $18 {[%emt 0:01:20] [#] And now Qg4 would win.} ({Not} 28. Qxe2 hxg5 29. cxd5 g6 $14) 28... Re6 29. Bc3 dxc4 30. Be4 Qe8 31. Bxb7 {[%emt 0:00:56] This bishop pair is nice. White is clearly winning.} Rd6 32. Bd5 Qd7 33. Bxc4 g6 34. Qa8+ {[%emt 0:01:09] Weighted Error Value: White=0.24 (precise) /Black=0.27 (precise)} 1-0

[Event "Germany Countries-chT Youth 2022"]
[Site "Wiesbaden"]
[Date "2022.10.04"]
[Round "7"]
[White "Sidletskyi, Ivan"]
[Black "Koll, Linus"]
[Result "1/2-1/2"]
[ECO "B76"]
[WhiteElo "2184"]
[BlackElo "2060"]
[Annotator "TA"]
[PlyCount "81"]
[EventDate "2022.09.28"]
[EventType "team-tourn"]
[EventRounds "7"]
[EventCountry "GER"]
[SourceTitle "playchess.com"]
[Source "ChessBase"]
[SourceQuality "1"]
[TimeControl "40/5400+30:1800+30"]

1. e4 c5 2. Nf3 d6 3. d4 cxd4 4. Nxd4 Nf6 5. Nc3 g6 6. Be3 Bg7 7. f3 O-O 8. Qd2 Nc6 9. g4 Be6 10. Nxe6 fxe6 11. O-O-O Ne5 12. Be2 {[%emt 0:00:30] Strongly threatening g5.} Qc8 {[%emt 0:00:05] B76: Sicilian Dragon: Yugoslav Attack, 9 g4 and 9 0-0-0.} 13. h4 Nc4 14. Bxc4 Qxc4 {[%emt 0:00:04] White is slightly better.} 15. h5 {[%emt 0:07:07] [#]} (15. Bd4 $14) 15... gxh5 $146 {[%emt 0:01:29] [#]} (15... Nd7 $11) ({Predecessor:} 15... b5 16. Kb1 Nd7 17. hxg6 hxg6 18. f4 b4 19. Ne2 Nf6 20. e5 dxe5 21. fxe5 Nxg4 {½-½ (35) Warakomski,T (2497)-Tomczak,M (2432) Katowice 2019}) 16. gxh5 ({White should try} 16. Qh2 $1 $16) 16... b5 (16... Nd7 $1 $14) 17. h6 Bh8 18. Qd3 (18. Kb1 $16) 18... Qxd3 $11 (18... Nd7 {is more complex.} 19. f4 Bxc3 20. Rhg1+ Kf7) 19. cxd3 a6 20. d4 e5 21. dxe5 dxe5 22. Ne2 Kf7 23. Ng1 Rac8+ 24. Kb1 Ne8 25. Nh3 {[%emt 0:03:52] And now Ng5+ would win.} Bf6 {[%emt 0:01:08] [#]} ({Black should play} 25... Nd6 $14) 26. Nf2 {[%emt 0:02:53] White is more active.} ({White must play} 26. f4 $1 $16 ) 26... Nd6 27. Ng4 Ke6 28. Rh5 Nc4 29. Bc1 Rfd8 30. Rhh1 Rxd1 31. Rxd1 Nd6 32. Nf2 Rg8 33. Nd3 $1 Rg3 34. Nc5+ Kf7 35. Rf1 Bg5 36. f4 (36. Nxa6 $11 Bxc1 37. Kxc1) 36... Bxf4 $15 37. Bxf4 exf4 38. Rxf4+ Kg6 39. e5 Nf5 40. Nxa6 Nxh6 41. Nc7 {[%emt 0:03:38] Weighted Error Value: White=0.23 (precise) /Black=0.15 (very precise)} 1/2-1/2

[Event "Germany Countries-chT Youth 2022"]
[Site "Wiesbaden"]
[Date "2022.10.04"]
[Round "7"]
[White "Geltz, Noah"]
[Black "Lange, Jannis"]
[Result "1-0"]
[ECO "B30"]
[WhiteElo "2142"]
[BlackElo "2085"]
[Annotator "TA"]
[PlyCount "85"]
[EventDate "2022.09.28"]
[EventType "team-tourn"]
[EventRounds "7"]
[EventCountry "GER"]
[SourceTitle "playchess.com"]
[Source "ChessBase"]
[SourceQuality "1"]
[TimeControl "40/5400+30:1800+30"]

1. e4 c5 2. Nf3 Nc6 3. Bc4 g6 4. O-O Bg7 5. c3 d6 6. d4 cxd4 {[%emt 0:00:35] B27: Sicilian: 2 Nf3, unusual Black 2nd moves.} 7. cxd4 (7. Nxd4 Nf6 $11) 7... Nf6 8. d5 Nb8 {[%emt 0:01:14] White is slightly better.} 9. Nc3 O-O 10. h3 Nbd7 11. Be3 {[%emt 0:11:17] White is more active.} Nb6 {[%emt 0:03:28] [#]} 12. Be2 $146 ({Predecessor:} 12. Bb3 Bd7 13. a4 a5 14. Qe2 Rc8 15. Nd4 Be8 16. Ndb5 Nbd7 17. Bd4 Nc5 18. Bc2 {1-0 (40) Ankhchimeg,B (2123)-Oussedik,N (1594) Tromsoe 2014}) 12... Bd7 (12... e6 $1 $14) 13. a4 $36 {[%emt 0:02:39][%cal Ba2a4,Ba4a5][%mdl 2080] White has strong initiative.} Rc8 14. Qb3 Rxc3 15. bxc3 {[%emt 0:00:39] Strongly threatening a5.} (15. Qxc3 Nfxd5 16. Qb3 Nxe3 17. Qxe3 (17. fxe3 Bc6 $11) 17... Bxa4 $11) 15... Nxe4 16. Rfc1 e6 17. Bd3 ({White should try} 17. dxe6 $14 Bxe6 18. Qa3) 17... exd5 {[%emt 0:01:46] [#]} (17... Nc5 $1 $11 {remains equal.} 18. Bxc5 dxc5) 18. a5 $1 Nc4 19. Bxc4 (19. Bxa7 Qc8) 19... dxc4 20. Qxc4 ({And not} 20. Qxb7 Nxc3 21. Re1 {[#]} (21. Nd4 $2 Bxd4 22. Bxd4 Ne2+ 23. Kh2 Nxd4 $19) 21... Ne2+ $1 22. Kf1 Bxa1 23. Rxa1 Nc3 $11) 20... d5 (20... Nc5 $16 {was worth a try.}) 21. Qxd5 $18 Bc6 22. Qxd8 Rxd8 23. Bd4 (23. Bxa7 Nxc3 24. Kh1 Ne2 $14) 23... Bh6 24. Re1 {[%emt 0:02:51] Threatens to win with Ne5.} ({Not} 24. Bxa7 Bxc1 25. Rxc1 Bb5 $14) 24... Nd2 (24... f5 $142 25. Bxa7 Nxc3) 25. Nxd2 Bxd2 26. Red1 ({Less strong is} 26. Bxa7 Bxe1 27. Rxe1 f6 $14) 26... Bf4 27. Bxa7 Re8 28. Bd4 h5 29. Re1 Ra8 30. Bf6 Bc7 31. Bd4 $2 (31. c4 $18) 31... Kf8 $2 (31... Bf4 $1 $11 {and Black has nothing to worry.} 32. c4 Bd6) 32. Bc5+ Kg7 33. Bb6 Bd6 34. Rad1 Bf4 35. Rd8 Rxd8 36. Bxd8 {[%emt 0:00:05][%mdl 4096] Endgame KRB-KB} Bd2 (36... Kf8 {was called for.} 37. c4 Bd2) 37. Rb1 {[%emt 0:00:09] White is clearly winning.} Be4 38. Rb3 Bd5 39. Rb5 Be4 40. Rb4 Bc6 41. Rb6 {[%emt 0:30:10][%cal Ob6c6] And now Rxc6! would win.} Be4 42. Bf6+ Kh6 43. h4 {[%emt 0:01:01] Weighted Error Value: White=0.20 (precise) /Black=0.44} 1-0

[Event "Germany Countries-chT Youth 2022"]
[Site "Wiesbaden"]
[Date "2022.10.04"]
[Round "7"]
[White "Besou, Hussain"]
[Black "Hagner, Bennet"]
[Result "0-1"]
[ECO "B96"]
[WhiteElo "2119"]
[BlackElo "2253"]
[Annotator "TA"]
[PlyCount "110"]
[EventDate "2022.09.28"]
[EventType "team-tourn"]
[EventRounds "7"]
[EventCountry "GER"]
[SourceTitle "playchess.com"]
[Source "ChessBase"]
[SourceQuality "1"]
[TimeControl "40/5400+30:1800+30"]

1. e4 c5 2. Nf3 d6 3. d4 cxd4 4. Nxd4 Nf6 5. Nc3 a6 6. Bg5 e6 7. f4 Nbd7 8. Qf3 Qc7 9. O-O-O b5 10. Bd3 Bb7 11. Rhe1 Qb6 12. Bxf6 {[%emt 0:20:27] B96: Sicilian Najdorf: 6 Bg5 e6 7 f4, lines other than 7...Qb6 and 7...Be7.} gxf6 {[%emt 0:06:19] [#]} (12... Nxf6 $11 13. Qe3 b4) 13. Nce2 (13. Nd5 $1 $16 Qc5 (13... Qa7 14. c3) 14. Nb3) 13... h5 $11 {[%emt 0:06:05] [#]} 14. c3 $146 ({Better is} 14. Qh3 $11) ({Predecessor:} 14. f5 e5 15. Nb3 a5 16. Kb1 a4 17. Nd2 a3 18. b4 Rc8 19. c3 Ke7 20. Nb3 {0-1 (33) Bon,M (2413)-Bellahcene,B (2514) Tremblay en France 2022}) 14... Nc5 (14... f5 $15) 15. f5 e5 16. Nc2 a5 17. Ne3 (17. Kb1 $11 {keeps the balance.}) 17... Bh6 $17 18. Kb1 Bxe3 19. Qxe3 Ke7 20. Bc2 (20. Ng3 $142) 20... Rhg8 $36 {[%emt 0:02:52][%mdl 2048] Keeping White busy.} 21. Qf3 (21. Ng3 $17) 21... Rg4 22. Ng3 Rag8 (22... b4 $19 23. Ka1 bxc3 24. bxc3 a4) 23. Nxh5 (23. Re2 $17) 23... Rxg2 $19 24. Re2 (24. Ng3 $142 Rxh2 25. Nf1) 24... Rxe2 25. Qxe2 b4 $1 26. cxb4 axb4 (26... Qxb4 27. a3 Qb6 28. Ng3 $15) 27. Qe3 Rh8 28. Qf3 (28. Ng3 {was the only defense.}) 28... b3 29. axb3 Qa6 (29... Na6 $142 {...Nb4 is the strong threat.} 30. b4 Nxb4) 30. Ng3 Ra8 $1 (30... Rxh2 31. b4 Nd7 32. Nf1 $15) 31. Kc1 Qa1+ {[%emt 0:05:04][%mdl 64] Deflection} 32. Kd2 {[%emt 0:00:09] [#]} Qxb2 {[%emt 0:00:06] Black has more active pieces.} ({Black should play} 32... Qa5+ $1 33. Qc3 Qb6) 33. Qc3 $17 Qa2 {[%emt 0:00:08] Hoping for ...Bxe4.} 34. Ke3 Qa7 {[%emt 0:06:35] ( -> ...Nxe4+)} (34... Qa6 $5 35. b4 Nd7 $17) 35. Kf3 Rh8 36. b4 (36. Qd2 d5 37. Kg2 (37. exd5 Rh4 $17) 37... d4 $17) 36... Nd7 37. Qd2 Qb6 38. Bb3 (38. Kg4 $15) 38... Rh4 {[%emt 0:00:58] White must now prevent ...Nf8. Dancing on a razor blade.} 39. Bc2 {[%emt 0:02:40] [#]} (39. b5 $17) 39... Nf8 $1 $19 40. Qe3 Rf4+ ({But not} 40... Qxb4 41. Rb1 Bxe4+ 42. Nxe4 (42. Bxe4 Qc4 $18) 42... Rh3+ 43. Ng3 $18) 41. Ke2 Qxb4 {[%emt 0:04:29] aiming for ...Nd7.} 42. Bd3 $2 {[%emt 0:00:00] White does not recover from this.} (42. Rb1 $17 Qc4+ 43. Qd3) 42... Qa5 {[%emt 0:03:47] Strongly threatening ...Nd7.} 43. Qd2 Qa4 44. Qe3 (44. Qc3 $142 Qa7 45. Rf1) 44... Nd7 {[%emt 0:02:30][%cal Bf8d7,Bd7c5,Bc5b3][%mdl 32] And now ...Nc5 would win.} 45. Rc1 Ba6 ({Inferior is} 45... Nc5 46. Rxc5 dxc5 47. Qxc5+ Kd8 48. Qd6+ Qd7 49. Qxf6+ Qe7 50. Qb6+ Kc8 51. h3 $17) 46. Bxa6 Qxa6+ 47. Kd2 $2 (47. Kd1) 47... Nc5 48. Rc2 Qa5+ 49. Ke2 Qb5+ 50. Kd2 Qb4+ (50... Rh4 $142 51. Kd1 Kf8) 51. Kd1 Qa4 52. Kc1 $2 (52. Qc3) 52... Nb3+ {[%emt 0:01:55] Black is clearly winning.} 53. Kb2 Nd4 54. Rc7+ Kd8 55. Rc3 Qb4+ {[%emt 0:00:40] Weighted Error Value: White=0.82/Black=0.34} 0-1

[Event "Germany Countries-chT Youth 2022"]
[Site "Wiesbaden"]
[Date "2022.10.04"]
[Round "7"]
[White "Hassemeier, Mika"]
[Black "Nied, Pascal"]
[Result "0-1"]
[ECO "D35"]
[WhiteElo "2095"]
[BlackElo "2131"]
[Annotator "TA"]
[PlyCount "94"]
[EventDate "2022.09.28"]
[EventType "team-tourn"]
[EventRounds "7"]
[EventCountry "GER"]
[SourceTitle "playchess.com"]
[Source "ChessBase"]
[SourceQuality "1"]
[TimeControl "40/5400+30:1800+30"]

1. d4 d5 2. c4 e6 3. Nc3 Nf6 4. cxd5 exd5 5. Bg5 c6 6. e3 Bd6 7. Bd3 O-O 8. Qc2 h6 9. Bh4 Re8 10. Nge2 Nbd7 11. h3 b5 {[%emt 0:02:04][%cal Bb7b5,Bb5b4][%mdl 32] D36: Queen's Gambit Declined: Exchange Variation: Main line (5 Bg5 c6 6 Qc2).} 12. O-O Bb7 13. Bg3 Bf8 {[%emt 0:00:26] [#] The position is equal.} 14. a4 $146 ({Predecessor:} 14. Rad1 a6 15. Nc1 Qb6 16. Nb3 Rac8 17. Qb1 a5 18. Rfe1 a4 19. Nc1 Qa5 20. a3 {½-½ (74) Jovanic,O (2516)-Rogic,D (2467) Mali Losinj 2021}) 14... b4 15. Nb1 Rc8 16. Nd2 c5 17. dxc5 Nxc5 18. Bf5 Ne6 19. Qb1 Bd6 (19... Ne4 $15 20. Nxe4 dxe4) 20. Bxd6 $11 Qxd6 21. Nb3 Ba6 22. Bd3 Bc4 23. Nbd4 Nc5 24. Bf5 Nfe4 25. Rd1 {[%emt 0:09:05] Prevents Nd2.} (25. Bxc8 $142 Rxc8 26. Qd1) 25... Rcd8 26. Bxe4 Nxe4 27. b3 (27. Nf4 $11) 27... Ba6 {[%emt 0:02:46] Black is much more active.} (27... Bxe2 $17 28. Nxe2 Qf6) 28. Qb2 {[%emt 0:01:12] Prevents Nc3.} Qf6 29. f3 {[%emt 0:00:42][%mdl 8192] [#] White is now going downhill.} (29. Nf4 $11) 29... Bxe2 $19 30. Qxe2 Nc3 31. Qd3 Nxd1 32. Rxd1 Rc8 33. Ne2 Qe5 34. Kf2 Rc7 35. Qd4 Qe7 36. Nf4 Rc2+ 37. Rd2 Rxd2+ 38. Qxd2 {[%emt 0:00:06][%mdl 4096] Endgame KQR-KQN} Qc5 39. Nd3 $2 {[%emt 0:01:16] [#]} (39. Ne2) 39... Qc3 40. Qxc3 bxc3 {[%emt 0:00:02] KR-KN} 41. Nc1 f5 {[%emt 0:06:43][%cal Of5f4] Black is clearly winning.} 42. g4 (42. g3 $142) 42... f4 43. exf4 a5 {[%emt 0:00:23] aiming for ...d4.} 44. f5 d4 45. h4 Kf7 46. Ne2 d3 47. Nxc3 d2 {[%emt 0:00:05] Weighted Error Value: White=0.59/Black=0.15 (very precise)} 0-1

[Event "Germany Countries-chT Youth 2022"]
[Site "Wiesbaden"]
[Date "2022.10.04"]
[Round "7"]
[White "Leonard, Timo"]
[Black "Stork, Oliver"]
[Result "1/2-1/2"]
[ECO "B06"]
[WhiteElo "2067"]
[BlackElo "2315"]
[Annotator "TA"]
[PlyCount "94"]
[EventDate "2022.09.28"]
[EventType "team-tourn"]
[EventRounds "7"]
[EventCountry "GER"]
[SourceTitle "playchess.com"]
[Source "ChessBase"]
[SourceQuality "1"]
[TimeControl "40/5400+30:1800+30"]

1. d4 g6 2. e4 Bg7 3. c4 d6 4. Nc3 c5 5. d5 Nf6 6. h3 O-O 7. Nf3 e6 8. Be2 Re8 9. O-O exd5 10. exd5 Bf5 11. Nh4 {[%emt 0:08:52] E91: King's Indian: Classical: 6 Be2, unusual replies including 6...c5 and 6...Bg4.} Bd7 12. Bd3 Na6 (12... Nxd5 $5 13. Nxd5 Qxh4 $11) 13. Nf3 $1 {[%emt 0:02:12] White is slightly better.} b5 {[%emt 0:03:11] [#]} 14. Nd2 $146 ({Better is} 14. cxb5 $16 Nc7 15. Qb3 (15. Bg5 h6 $11)) ({Predecessor:} 14. cxb5 Nb4 15. Bb1 a6 16. b6 Bb5 17. a3 Bxf1 18. Kxf1 Qxb6 19. axb4 cxb4 20. Na4 {0-1 (30) Zaichik,G-Gavrikov,V Tbilisi 1976}) 14... Nc7 (14... Nb4 $15 {is more appropriate.} 15. Bb1 Qa5) 15. cxb5 Rb8 16. Qb3 {[%emt 0:06:49] [#]} Bxb5 $1 17. Bxb5 Nxb5 ({Much less strong is} 17... a6 18. Bxe8 Rxb3 19. Bxf7+ Kxf7 20. axb3 $16) 18. Nxb5 {[%emt 0:00:07] Black must now prevent Qd3.} a6 19. a4 Qd7 {[%emt 0:02:18][%mdl 64] Pin} 20. Nc4 axb5 $15 21. axb5 Nxd5 ({Don't play} 21... Rxb5 22. Qd3 Rbb8 23. Ra6 $11) 22. Ra6 Nc7 ({Of course not} 22... Rxb5 23. Qf3 Nc7 24. Rxd6 $14) (22... Bf8 $1 $15 {feels stronger.}) 23. Rxd6 $11 Qxb5 24. Qxb5 Nxb5 25. Rc6 (25. Rd5 $11 {keeps the balance.}) 25... Rec8 (25... Nd4 $17 26. Rc7 Ne2+ 27. Kh1 Nxc1 28. Rxc1 Re2 29. Rxc5 Rxf2) 26. Rxc8+ Rxc8 27. Re1 Nd4 28. Nd6 Rb8 29. Kf1 Ne6 30. Nc4 Rb4 31. Ne5 h5 {[%emt 0:01:32] [#]} 32. Nxg6 $1 Bxb2 33. Bxb2 Rxb2 {[%emt 0:00:07][%mdl 4096] Endgame KRN-KRN} 34. Ne5 Kg7 35. Rc1 Rb5 36. Nd7 Kg6 37. Ke2 (37. Ne5+ $11 Kf6 38. Nc4) 37... Kf5 (37... f6 $1 $15 38. Kd3 Kf7) 38. g3 {[%emt 0:01:41] The position is equal.} Ra5 39. Kd3 Ra3+ 40. Kc4 Ra2 41. Nxc5 Nxc5 42. Kxc5 Rxf2 {[%emt 0:00:05] KR-KR} 43. Kd4 Rf3 44. Rc5+ Kg6 45. Rc3 Rf1 46. Ke4 Kg5 47. Rc8 Kg6 {[%emt 0:03:50] Weighted Error Value: White=0.20 (precise) /Black=0.13 (very precise)} 1/2-1/2

[Event "Germany Countries-chT Youth 2022"]
[Site "Wiesbaden"]
[Date "2022.10.04"]
[Round "7"]
[White "Bosselmann, Tom Linus"]
[Black "von Mettenheim, Johannes"]
[Result "1/2-1/2"]
[ECO "D37"]
[WhiteElo "2061"]
[BlackElo "2231"]
[Annotator "TA"]
[PlyCount "75"]
[EventDate "2022.09.28"]
[EventType "team-tourn"]
[EventRounds "7"]
[EventCountry "GER"]
[SourceTitle "playchess.com"]
[Source "ChessBase"]
[SourceQuality "1"]
[TimeControl "40/5400+30:1800+30"]

1. d4 Nf6 2. c4 e6 3. Nf3 d5 4. Nc3 dxc4 5. e4 Bb4 6. Bxc4 {[%emt 0:03:24] D24: Queen's Gambit Accepted: 3 Nf3 Nf6 4 Nc3.} Nxe4 7. O-O Nxc3 8. bxc3 {[%emt 0:00:08] The position is equal.} ({Reject} 8. Qb3 Nd5 9. Bxd5 Qxd5 $17) 8... Be7 9. Ne5 Nd7 10. Qg4 Nxe5 11. dxe5 {[%emt 0:00:18] [#] Hoping for Rd1.} g6 $146 (11... Kf8 $11 {keeps the balance.}) ({Predecessor:} 11... Kf8 12. Rd1 Qe8 13. Bg5 Bd7 14. Rd4 Bxg5 15. Qxg5 Qe7 16. Qg3 Bc6 17. Rad1 g6 {0-1 (90) Gozzoli,Y (2580)-Hambleton,A (2441) Chess.com INT 2016}) 12. Rd1 $36 {[%emt 0:05:34][%mdl 2048] White has strong initiative.} Bd7 13. Rd3 {[%emt 0:04:14] White is much more active. The black rooks are badly placed.} (13. Bh6 $16) 13... c5 $2 (13... h5 $1 $11 {and Black stays safe.} 14. Qf4 Qc8) 14. Bb5 Bxb5 15. Rxd8+ Rxd8 {[%emt 0:00:20] [#]} 16. Bh6 $1 Bc6 {[%emt 0:15:41] [#]} 17. Rd1 $1 f5 $2 (17... Rg8 $16 {is a better defense.}) 18. exf6 $1 $18 {[%emt 0:01:18][%mdl 64] Discovered Attack} Rxd1+ 19. Qxd1 Bxf6 20. Qd6 $1 Kf7 {[%emt 0:00:07] And now ...Rd8 would win.} 21. Qc7+ Be7 (21... Ke8 $142 22. c4 a6) 22. Bg5 $2 (22. Qf4+ Ke8 23. Qb8+ Bd8 24. Qe5) 22... Re8 23. Qf4+ Kg8 24. Bh6 Rd8 25. f3 {[%emt 0:01:35] Black must now prevent Qe5.} Bf8 26. Bxf8 Rxf8 {[%emt 0:00:10][%mdl 4096] Endgame KQ-KRB} 27. Qd6 Bd5 28. Qxc5 Bxa2 29. Qxa7 Bd5 30. Qc5 Rf4 31. Qc8+ Rf8 32. Qc5 Rf4 $1 33. Qc8+ Rf8 34. Qc7 b5 35. Kf2 Bc4 36. Kg3 Rf5 37. h3 Rd5 38. Qb8+ {[%emt 0:15:01] Weighted Error Value: White=0.49/Black=0.35} 1/2-1/2

[Event "Germany Countries-chT Youth 2022"]
[Site "Wiesbaden"]
[Date "2022.10.04"]
[Round "7"]
[White "Chassard, Cedric"]
[Black "Hommer, Jeremy"]
[Result "1/2-1/2"]
[ECO "B12"]
[WhiteElo "2042"]
[BlackElo "2184"]
[Annotator "TA"]
[PlyCount "86"]
[EventDate "2022.09.28"]
[EventType "team-tourn"]
[EventRounds "7"]
[EventCountry "GER"]
[SourceTitle "playchess.com"]
[Source "ChessBase"]
[SourceQuality "1"]
[TimeControl "40/5400+30:1800+30"]

1. e4 c6 2. d4 d5 3. e5 Bf5 4. Nf3 e6 5. Be2 Nd7 6. O-O c5 7. c4 dxc4 8. Na3 {[%emt 0:03:13] B12: Caro-Kann: Advance Variation.} cxd4 {[%emt 0:06:04] White must now prevent ...d3.} 9. Nxc4 b5 (9... d3 $1 $14 10. Bxd3 Bxd3 11. Qxd3 Nb6) 10. Nd6+ {[%emt 0:01:42] White is clearly better.} Bxd6 11. exd6 d3 12. Bxd3 Bxd3 13. Qxd3 {[%emt 0:00:02] [#]} a6 $146 ({Black should play} 13... Ngf6) ({Predecessor:} 13... Qb8 14. Bf4 Ngf6 15. h3 O-O 16. Rac1 Nd5 17. Bg3 Qb7 18. Nd4 a6 19. Nc6 N7b6 20. Rfd1 Rfc8 21. Na5 Qd7 22. b3 Rxc1 23. Rxc1 Rc8 24. Qd2 f6 {½-½ (24) Vaysberg,A (2058)-Alber,W (1818) Oeffingen 2013}) 14. a4 (14. Nd4 $16) 14... bxa4 15. Be3 Ngf6 16. Rxa4 O-O 17. Rxa6 {[%emt 0:02:19] White has more active pieces. The black rooks are badly placed.} Rxa6 18. Qxa6 Qb8 19. Bd4 Qb3 20. Rc1 h6 21. Qc4 (21. h3 $16) 21... Qb8 (21... Qxc4 $14 22. Rxc4 Nd5) 22. Qc7 $16 {[%emt 0:01:47] And now Bxf6 would win.} Qb5 23. Qc6 Rb8 24. h3 e5 25. Qxb5 Rxb5 26. Rc8+ Kh7 27. Bc3 Rd5 28. Rc7 e4 29. Nd4 Rxd6 30. Kf1 Kg6 31. Nc6 Re6 32. Bd4 Rd6 33. b4 Kf5 (33... Kh7 $1 $14) 34. b5 Ke6 (34... Nd5 $142 35. g4+ Kg5) 35. Ke2 Kd5 (35... Ne8 $16 {might work better.} 36. Ra7 f5) 36. Be3 {[%emt 0:01:30] Nd8 is the strong threat.} g5 37. Ne7+ (37. g4 $18 {and White stays clearly on top.}) 37... Ke6 38. Nc8 $1 Rd3 {[%emt 0:02:15] [#]} 39. Rc6+ $1 Ke5 {[%emt 0:00:20] [#]} 40. Nb6 (40. Bc1 $1 $16 {[%cal Rc1b2] Strongly threatening Bb2+.} Rb3 41. Nd6) 40... Nxb6 $11 {[%emt 0:00:45] The position is equal.} 41. Bxb6 {[%emt 0:04:16] Hoping for Bc7+.} Nd5 {[%emt 0:01:47] aiming for ...Nc3+.} 42. Bc7+ (42. Rxh6 $2 {is a self mate.} Nc3+ 43. Kf1 Rd1#) 42... Nxc7 43. Rxc7 Rb3 {[%emt 0:00:24] Weighted Error Value: White=0.20 (precise) /Black=0.18 (very precise)} 1/2-1/2